BR
SAN PABLO DE LAS SALINAS DOCTORS @ WASHINGTON DC HOT SAUCE
09/12/2027
 
TOP OF THE 1ST
San Pablo de las Salinas Doctors batting - Pitching for Washington DC Hot Sauce : RHP Keith Anderson
Pitching: RHP Keith Anderson
Batting: SHB Jorge Aguilar 0-0: Called Strike
0-1: Ball
1-1: Fly out, F8 (Flyball, 8RXD)
Batting: RHB Arthur Hopkins 0-0: Foul Ball, location: 2F
0-1: Ball
1-1: SOLO HOME RUN (Flyball, 7D), Distance : 391 ft
Batting: RHB Sandro Hernández 0-0: Called Strike
0-1: Ball
1-1: Ball
2-1: Ball
3-1: Foul Ball, location: 2F
3-2: Ground out 6-3 (Groundball, 6)
Batting: RHB Arturo Franco 0-0: Called Strike
0-1: Ball
1-1: Foul Ball, location: 2F
1-2: Ball
2-2: Ball
3-2: Strikes out swinging
Top of the 1st over - 1 run(s), 1 hit(s), 0 error(s), 0 left on base; San Pablo de las Salinas 1 - Washington DC 0
BOTTOM OF THE 1ST
Washington DC Hot Sauce batting - Pitching for San Pablo de las Salinas Doctors : RHP Luis Sotelo
Pitching: RHP Luis Sotelo
Batting: SHB Tony Varela 0-0: Ball
1-0: Ball
2-0: SINGLE (Line Drive, 5D)
Batting: LHB Vernon Hill 0-0: Ball
1-0: Ball
2-0: Ball
3-0: Called Strike
3-1: Base on Balls
Tony Varela to second
Batting: LHB Roderick Delgado 0-0: Swinging Strike
0-1: Ball
1-1: Ball
2-1: Ball
3-1: Base on Balls
Tony Varela to third
Vernon Hill to second
Batting: RHB Dan Salazar 0-0: Called Strike
0-1: Ball
1-1: Grounds into double play, 5-4-3 (Groundball, 56)
Tony Varela scores
Vernon Hill to third
Batting: RHB Juan García 0-0: Ball
1-0: Called Strike
1-1: Ball
2-1: Foul Ball, location: 2F
2-2: Foul Ball, location: 2F
2-2: Ball
3-2: Ground out 6-3 (Groundball, 6S)
Bottom of the 1st over - 1 run(s), 1 hit(s), 0 error(s), 1 left on base; San Pablo de las Salinas 1 - Washington DC 1
TOP OF THE 2ND
San Pablo de las Salinas Doctors batting - Pitching for Washington DC Hot Sauce : RHP Keith Anderson
Batting: RHB Joel Hebert 0-0: Ball
1-0: Ball
2-0: Called Strike
2-1: SINGLE (Line Drive, 8LS)
Batting: RHB Mario Barker 0-0: Called Strike
0-1: Ball
1-1: Swinging Strike
1-2: Ball
2-2: Ball
3-2: Fly out, F8 (Flyball, 8RM)
Batting: RHB Júlio Núńez 0-0: Called Strike
0-1: Swinging Strike
0-2: Fly out, F8 (Flyball, 8LD)
Batting: RHB Domingo Salinas 0-0: Ball
1-0: Fielders Choice at 2nd, 5-4 (Groundball, 56)
Top of the 2nd over - 0 run(s), 1 hit(s), 0 error(s), 0 left on base; San Pablo de las Salinas 1 - Washington DC 1
BOTTOM OF THE 2ND
Washington DC Hot Sauce batting - Pitching for San Pablo de las Salinas Doctors : RHP Dan Ramsey
Pitching: RHP Dan Ramsey
Batting: RHB Juan Vélez 0-0: Ball
1-0: Foul Ball, location: 2F
1-1: Foul Ball, location: 2F
1-2: Ground out 6-3 (Groundball, 6)
Batting: LHB Jean Beauchemin 0-0: Ground out 5-3 (Groundball, 56)
Batting: RHB Germán Ontiveros 0-0: Ball
1-0: Ball
2-0: Called Strike
2-1: Fly out, F3 (Popup, 3L)
Bottom of the 2nd over - 0 run(s), 0 hit(s), 0 error(s), 0 left on base; San Pablo de las Salinas 1 - Washington DC 1
TOP OF THE 3RD
San Pablo de las Salinas Doctors batting - Pitching for Washington DC Hot Sauce : RHP Keith Anderson
Batting: RHB Ramón Espinoza 0-0: Fly out, F4 (Popup, 34D)
Batting: SHB Jorge Aguilar 0-0: Ball
1-0: Called Strike
1-1: Called Strike
1-2: Strikes out looking
Batting: RHB Arthur Hopkins 0-0: Fly out, F6 (Line Drive, 6M)
Top of the 3rd over - 0 run(s), 0 hit(s), 0 error(s), 0 left on base; San Pablo de las Salinas 1 - Washington DC 1
BOTTOM OF THE 3RD
Washington DC Hot Sauce batting - Pitching for San Pablo de las Salinas Doctors : RHP Dan Ramsey
Batting: RHB Jesús Ramírez 0-0: Called Strike
0-1: Foul Ball, location: 2F
0-2: Ball
1-2: Fly out, F7 (Line Drive, 7)
Batting: SHB Tony Varela 0-0: Ball
1-0: Foul Ball, location: 2F
1-1: SINGLE (Line Drive, 9S)
Batting: LHB Vernon Hill 0-0: Called Strike
0-1: Swinging Strike
0-2: Ball
1-2: Ball
2-2: Ball
3-2: Strikes out swinging
Batting: LHB Roderick Delgado 0-0: Called Strike
0-1: Swinging Strike
0-2: Ball
1-2: Ball
2-2: Foul Ball, location: 2F
2-2: Foul Ball, location: 2F
2-2: Ball
3-2: Base on Balls
Tony Varela to second
Batting: RHB Dan Salazar 0-0: Called Strike
0-1: Ball
1-1: SINGLE (Flyball, 89S)
Tony Varela to third
Roderick Delgado to second
Runner from 3rd tries for Home, SAFE, no throw
Batting: RHB Juan García 0-0: Foul Ball, location: 2F
0-1: Fielders Choice at 2nd, 5-4 (Groundball, 5L)
Bottom of the 3rd over - 1 run(s), 2 hit(s), 0 error(s), 1 left on base; San Pablo de las Salinas 1 - Washington DC 2
TOP OF THE 4TH
San Pablo de las Salinas Doctors batting - Pitching for Washington DC Hot Sauce : RHP Keith Anderson
Batting: RHB Sandro Hernández 0-0: Called Strike
0-1: Ball
1-1: Fly out, F8 (Flyball, 78D)
Batting: RHB Arturo Franco 0-0: Swinging Strike
0-1: Ball
1-1: SINGLE (Line Drive, 6D)
Batting: RHB Joel Hebert 0-0: Called Strike
0-1: Ball
1-1: Swinging Strike
1-2: Strikes out swinging
Arturo Franco steals 2nd base
Batter strikes out.
Batting: RHB Mario Barker 0-0: Ball
1-0: Foul Ball, location: 2F
1-1: Ball
2-1: Ball
3-1: Ground out 6-3 (Groundball, 56)
Top of the 4th over - 0 run(s), 1 hit(s), 0 error(s), 1 left on base; San Pablo de las Salinas 1 - Washington DC 2
BOTTOM OF THE 4TH
Washington DC Hot Sauce batting - Pitching for San Pablo de las Salinas Doctors : RHP Dan Ramsey
Batting: RHB Juan Vélez 0-0: Ball
1-0: Called Strike
1-1: Ball
2-1: Ball
3-1: Swinging Strike
3-2: Base on Balls
Batting: LHB Jean Beauchemin 0-0: Ball
1-0: Ball
2-0: Foul Ball, location: 2F
2-1: Ball
3-1: SINGLE (Groundball, 34D)
Juan Vélez to second
Runner from 2nd tries for 3rd, SAFE, throw made to third
Batting: RHB Germán Ontiveros 0-0: Ball
1-0: Called Strike
Jean Beauchemin is caught stealing 2nd base
1-1: Ball
2-1: Ball
3-1: Foul Ball, location: 2F
3-2: Foul Ball, location: 2F
3-2: Foul Ball, location: 2F
3-2: SINGLE (Line Drive, 7S)
Juan Vélez scores
Pitching: LHP Roy Burke
Batting: RHB Jesús Ramírez 0-0: Fly out, F3 (Popup, 3L)
Batting: SHB Tony Varela 0-0: Ball
1-0: Called Strike
1-1: Ball
2-1: Foul Ball, location: 2F
2-2: Ball
3-2: Strikes out swinging
Bottom of the 4th over - 1 run(s), 2 hit(s), 0 error(s), 1 left on base; San Pablo de las Salinas 1 - Washington DC 3
TOP OF THE 5TH
San Pablo de las Salinas Doctors batting - Pitching for Washington DC Hot Sauce : RHP Keith Anderson
Batting: RHB Júlio Núńez 0-0: Ball
1-0: Called Strike
1-1: Ball
2-1: Foul Ball, location: 2F
2-2: Foul Ball, location: 2F
2-2: Strikes out swinging
Batting: RHB Domingo Salinas 0-0: SINGLE (Line Drive, 4MD)
Batting: RHB Ramón Espinoza 0-0: Ball
1-0: Ball
2-0: Grounds into double play, 5-4-3 (Groundball, 5)
Top of the 5th over - 0 run(s), 1 hit(s), 0 error(s), 0 left on base; San Pablo de las Salinas 1 - Washington DC 3
BOTTOM OF THE 5TH
Washington DC Hot Sauce batting - Pitching for San Pablo de las Salinas Doctors : LHP Roy Burke
Batting: LHB Vernon Hill 0-0: Ball
1-0: Ball
2-0: Swinging Strike
2-1: Swinging Strike
2-2: Strikes out swinging
Batting: LHB Roderick Delgado 0-0: Ball
1-0: Foul Ball, location: 2F
1-1: SINGLE (Flyball, 8RS)
Batting: RHB Dan Salazar 0-0: Ball
1-0: Grounds into double play, 6-4-3 (Groundball, 6)
Bottom of the 5th over - 0 run(s), 1 hit(s), 0 error(s), 0 left on base; San Pablo de las Salinas 1 - Washington DC 3
TOP OF THE 6TH
San Pablo de las Salinas Doctors batting - Pitching for Washington DC Hot Sauce : RHP Keith Anderson
Batting: SHB Jorge Aguilar 0-0: Fly out, F7 (Line Drive, 7)
Batting: RHB Arthur Hopkins 0-0: SOLO HOME RUN (Flyball, 89XD), Distance : 421 ft
Batting: RHB Sandro Hernández 0-0: Foul Ball, location: 2F
0-1: Swinging Strike
0-2: Strikes out swinging
Batting: RHB Arturo Franco 0-0: Called Strike
0-1: Foul Ball, location: 2F
0-2: Strikes out swinging
Top of the 6th over - 1 run(s), 1 hit(s), 0 error(s), 0 left on base; San Pablo de las Salinas 2 - Washington DC 3
BOTTOM OF THE 6TH
Washington DC Hot Sauce batting - Pitching for San Pablo de las Salinas Doctors : LHP Roy Burke
Batting: RHB Juan García 0-0: Ball
1-0: Ball
2-0: Ball
3-0: Called Strike
3-1: Foul Ball, location: 2F
3-2: Strikes out swinging
Batting: RHB Juan Vélez 0-0: Ball
1-0: Ball
2-0: Called Strike
2-1: Ball
3-1: Ground out 6-3 (Groundball, 6)
Batting: LHB Jean Beauchemin 0-0: Ball
Error on foul ball, E9
1-1: Ball
2-1: Foul Ball, location: 2F
2-2: Foul Ball, location: 2F
2-2: Fly out, F9 (Flyball, 89M)
Bottom of the 6th over - 0 run(s), 0 hit(s), 1 error(s), 0 left on base; San Pablo de las Salinas 2 - Washington DC 3
TOP OF THE 7TH
San Pablo de las Salinas Doctors batting - Pitching for Washington DC Hot Sauce : RHP Keith Anderson
Batting: RHB Joel Hebert 0-0: Called Strike
0-1: Foul Ball, location: 2F
0-2: Ball
1-2: Fly out, F9 (Flyball, 9LSF)
Batting: RHB Mario Barker 0-0: Foul Ball, location: 2F
0-1: Ball
1-1: Ball
2-1: SINGLE (Groundball, 4MD)
Pitching: LHP Craig Grant
Pinch Hitting: RHB Luis López 0-0: SINGLE (Groundball, 34D)
Mario Barker to second
Runner from 2nd tries for 3rd, SAFE, throw made to third
Batting: RHB Domingo Salinas 0-0: Called Strike
0-1: Swinging Strike
0-2: SINGLE (Groundball, 6MS) (infield hit)
Mario Barker scores
Luis López to second
Batting: RHB Ramón Espinoza 0-0: Ball
1-0: Swinging Strike
1-1: Ball
2-1: Called Strike
2-2: Ball
3-2: Strikes out swinging
Pinch Hitting: LHB Jesús Rojas 0-0: Called Strike
0-1: Ball
1-1: Ball
2-1: Called Strike
2-2: Strikes out swinging
Top of the 7th over - 1 run(s), 3 hit(s), 0 error(s), 2 left on base; San Pablo de las Salinas 3 - Washington DC 3
BOTTOM OF THE 7TH
Washington DC Hot Sauce batting - Pitching for San Pablo de las Salinas Doctors : LHP Roy Burke
Now in CF: Stéphane Labat
Now in RF: Jesús Rojas
Pinch Hitting: RHB Jake Lawrence 0-0: Called Strike
0-1: Ball
1-1: Ground out 6-3 (Groundball, 6)
Pitching: LHP Luis Rincón
Batting: RHB Jesús Ramírez 0-0: Called Strike
0-1: Ground out 6-3 (Groundball, 6)
Batting: SHB Tony Varela 0-0: Foul Ball, location: 2F
0-1: Ball
1-1: Fly out, F9 (Flyball, 9S)
Bottom of the 7th over - 0 run(s), 0 hit(s), 0 error(s), 0 left on base; San Pablo de las Salinas 3 - Washington DC 3
TOP OF THE 8TH
San Pablo de las Salinas Doctors batting - Pitching for Washington DC Hot Sauce : LHP Craig Grant
Now at 2B: George Pierce
Batting: RHB Arthur Hopkins 0-0: Foul Ball, location: 2F
0-1: Ball
1-1: Ball
2-1: Swinging Strike
2-2: Ball
3-2: Strikes out swinging
Batting: RHB Sandro Hernández 0-0: Called Strike
0-1: Swinging Strike
0-2: Strikes out swinging
Batting: RHB Arturo Franco 0-0: Ball
1-0: Ball
2-0: Called Strike
2-1: Foul Ball, location: 2F
2-2: Strikes out looking
Top of the 8th over - 0 run(s), 0 hit(s), 0 error(s), 0 left on base; San Pablo de las Salinas 3 - Washington DC 3
BOTTOM OF THE 8TH
Washington DC Hot Sauce batting - Pitching for San Pablo de las Salinas Doctors : LHP Luis Rincón
Batting: LHB Vernon Hill 0-0: Swinging Strike
0-1: Ball
1-1: Swinging Strike
1-2: Ball
2-2: Ball
3-2: Strikes out looking
Batting: LHB Roderick Delgado 0-0: Ball
1-0: Called Strike
1-1: Foul Ball, location: 2F
1-2: Fly out, F9 (Line Drive, 9)
Batting: RHB Dan Salazar 0-0: Foul Ball, location: 2F
0-1: Foul Ball, location: 2F
0-2: Ball
1-2: Ball
2-2: Strikes out swinging
Bottom of the 8th over - 0 run(s), 0 hit(s), 0 error(s), 0 left on base; San Pablo de las Salinas 3 - Washington DC 3
TOP OF THE 9TH
San Pablo de las Salinas Doctors batting - Pitching for Washington DC Hot Sauce : LHP Craig Grant
Pitching: LHP Bartolo Medine
Batting: RHB Joel Hebert 0-0: Called Strike
0-1: Ball
1-1: SINGLE (Line Drive, 6MD)
Pinch Runner at 1st Jesús Pérez:
Batting: RHB Mario Barker 0-0: Ball
1-0: Called Strike
1-1: Called Strike
1-2: Ball
2-2: Strikes out looking
Batting: LHB Stéphane Labat 0-0: Foul Ball, location: 2F
0-1: Ball
1-1: Swinging Strike
1-2: Strikes out swinging
Batting: RHB Domingo Salinas 0-0: Called Strike
Jesús Pérez steals 2nd base
0-1: Foul Ball, location: 2F
0-2: Ball
1-2: Ground out 6-3 (Groundball, 6)
Top of the 9th over - 0 run(s), 1 hit(s), 0 error(s), 1 left on base; San Pablo de las Salinas 3 - Washington DC 3
BOTTOM OF THE 9TH
Washington DC Hot Sauce batting - Pitching for San Pablo de las Salinas Doctors : LHP Luis Rincón
Now in LF: Jesús Pérez
Batting: RHB Juan García 0-0: Ball
1-0: Ball
2-0: Foul Ball, location: 2F
2-1: Swinging Strike
2-2: Ball
3-2: Fly out, F9 (Flyball, 9S)
Pinch Hitting: RHB Juan López 0-0: Ball
1-0: Foul Ball, location: 2F
1-1: Foul Ball, location: 2F
1-2: Ground out 3-1 (Groundball, 34S)
Pinch Hitting: RHB Francisco Luna 0-0: SINGLE (Flyball, 8RS)
Pinch Hitting: SHB Lorenzo Castro 0-0: Ball
Francisco Luna is caught stealing 2nd base
Bottom of the 9th over - 0 run(s), 1 hit(s), 0 error(s), 0 left on base; San Pablo de las Salinas 3 - Washington DC 3
TOP OF THE 10TH
San Pablo de las Salinas Doctors batting - Pitching for Washington DC Hot Sauce : LHP Bartolo Medine
Now at 2B: Juan López
Now at 3B: Francisco Luna
Now in RF: Tim Church
Batting: RHB Ramón Espinoza 0-0: Fly out, F8 (Flyball, 78M)
Batting: LHB Jesús Rojas 0-0: Called Strike
0-1: Ball
1-1: DOUBLE (Line Drive, 5D)
Batting: RHB Arthur Hopkins 0-0: Ball
1-0: Ball
2-0: Ball
3-0: Called Strike
3-1: Base on Balls
Batting: RHB Sandro Hernández 0-0: Ball
1-0: DOUBLE (Line Drive, 7LM)
Jesús Rojas scores
Arthur Hopkins to third
Batting: RHB Arturo Franco 0-0: Intentional Walk
Batting: RHB Jesús Pérez 0-0: Ball
1-0: Ball
2-0: Foul Ball, location: 2F
2-1: Grounds into fielders choice 6-2 (Groundball, 6)
Sandro Hernández to third
Arturo Franco to second
Pinch Hitting: RHB Juan Ortega 0-0: Called Strike
0-1: Swinging Strike
0-2: Ball
1-2: Strikes out swinging
Top of the 10th over - 1 run(s), 2 hit(s), 0 error(s), 3 left on base; San Pablo de las Salinas 4 - Washington DC 3
BOTTOM OF THE 10TH
Washington DC Hot Sauce batting - Pitching for San Pablo de las Salinas Doctors : LHP Luis Rincón
Pitching: RHP Rogerio Ibarra
Now at 1B: Julián Díaz
Now at 2B: Juan Ortega
Batting: RHB Tim Church 0-0: Ball
1-0: Fly out, F9 (Flyball, 9)
Batting: RHB Jesús Ramírez 0-0: Fly out, F9 (Flyball, 9S)
Batting: SHB Tony Varela 0-0: Ball
1-0: Ball
2-0: SOLO HOME RUN (Flyball, 8RXD), Distance : 446 ft
Batting: LHB Vernon Hill 0-0: Called Strike
0-1: Fly out, F7 (Flyball, 78D)
Bottom of the 10th over - 1 run(s), 1 hit(s), 0 error(s), 0 left on base; San Pablo de las Salinas 4 - Washington DC 4
TOP OF THE 11TH
San Pablo de las Salinas Doctors batting - Pitching for Washington DC Hot Sauce : LHP Bartolo Medine
Batting: LHB Stéphane Labat 0-0: Ball
1-0: Called Strike
1-1: Called Strike
1-2: Ball
2-2: Ground out 5-3 (Groundball, 56S)
Pinch Hitting: RHB Luis Samaripa 0-0: Ball
1-0: Swinging Strike
1-1: Ground out U3 (Groundball, 34S)
Batting: RHB Ramón Espinoza 0-0: Foul Ball, location: 2F
0-1: Swinging Strike
0-2: Foul Ball, location: 2F
0-2: Fly out, F6 (Popup, 6D)
Top of the 11th over - 0 run(s), 0 hit(s), 0 error(s), 0 left on base; San Pablo de las Salinas 4 - Washington DC 4
BOTTOM OF THE 11TH
Washington DC Hot Sauce batting - Pitching for San Pablo de las Salinas Doctors : RHP Rogerio Ibarra
Now in CF: Luis Samaripa
Batting: LHB Roderick Delgado 0-0: Ball
1-0: Ball
2-0: Ball
3-0: Base on Balls
Batting: RHB Dan Salazar 0-0: Ball
1-0: Ball
2-0: SINGLE (Groundball, 6MD)
Roderick Delgado to second
Batting: RHB Juan García 0-0: Called Strike
0-1: Swinging Strike
0-2: Grounds into double play, 4-6-3 (Groundball, 4)
Roderick Delgado to third
Batting: RHB Juan López 0-0: Ball
1-0: Ball
2-0: Swinging Strike
2-1: Called Strike
2-2: Strikes out looking
Bottom of the 11th over - 0 run(s), 1 hit(s), 0 error(s), 1 left on base; San Pablo de las Salinas 4 - Washington DC 4
TOP OF THE 12TH
San Pablo de las Salinas Doctors batting - Pitching for Washington DC Hot Sauce : LHP Bartolo Medine
Batting: LHB Jesús Rojas 0-0: Called Strike
0-1: Swinging Strike
0-2: Ball
1-2: Fly out, F7 (Line Drive, 7)
Batting: RHB Arthur Hopkins 0-0: Ball
1-0: Ball
2-0: Ball
3-0: Base on Balls
Pitching: RHP Manuel Hernández
Batting: RHB Sandro Hernández 0-0: Ball
1-0: Ball
2-0: Called Strike
2-1: Foul Ball, location: 2F
2-2: Foul Ball, location: 2F
2-2: Strikes out swinging
Batting: RHB Arturo Franco 0-0: Ball
1-0: Called Strike
1-1: Called Strike
1-2: Strikes out swinging
Top of the 12th over - 0 run(s), 0 hit(s), 0 error(s), 1 left on base; San Pablo de las Salinas 4 - Washington DC 4
BOTTOM OF THE 12TH
Washington DC Hot Sauce batting - Pitching for San Pablo de las Salinas Doctors : RHP Rogerio Ibarra
Pitching: RHP Jonathan Anderson
Batting: RHB Francisco Luna 0-0: Ground out 5-3 (Groundball, 56S)
Batting: RHB Tim Church 0-0: Ground out 6-3 (Groundball, 56)
Batting: RHB Jesús Ramírez 0-0: Ball
1-0: Ball
2-0: Ball
3-0: Called Strike
3-1: Foul Ball, location: 2F
3-2: Foul Ball, location: 2F
3-2: Ground out 5-3 (Groundball, 5)
Bottom of the 12th over - 0 run(s), 0 hit(s), 0 error(s), 0 left on base; San Pablo de las Salinas 4 - Washington DC 4
TOP OF THE 13TH
San Pablo de las Salinas Doctors batting - Pitching for Washington DC Hot Sauce : RHP Manuel Hernández
Batting: RHB Jesús Pérez 0-0: Called Strike
0-1: Foul Ball, location: 2F
0-2: Reached on error, E5 (Groundball, 56S)
Batting: RHB Juan Ortega 0-0: Ball
1-0: Fly out, F3 (Flyball, 3D)
Batting: LHB Stéphane Labat 0-0: Intentional Walk
Batting: RHB Luis Samaripa 0-0: Foul Ball, location: 2F
0-1: DOUBLE (Line Drive, 8RM)
Jesús Pérez scores
Stéphane Labat to third
Batting: RHB Ramón Espinoza 0-0: Foul Ball, location: 2F
0-1: Ball
1-1: Swinging Strike
1-2: Strikes out swinging
Pitching: LHP Brett French
Batting: LHB Jesús Rojas 0-0: Ball
1-0: Ball
2-0: Foul Ball, location: 2F
2-1: Foul Ball, location: 2F
2-2: Ball
3-2: Ground out 5-3 (Groundball, 56S)
Top of the 13th over - 1 run(s), 1 hit(s), 1 error(s), 2 left on base; San Pablo de las Salinas 5 - Washington DC 4
BOTTOM OF THE 13TH
Washington DC Hot Sauce batting - Pitching for San Pablo de las Salinas Doctors : RHP Jonathan Anderson
Batting: SHB Tony Varela 0-0: Called Strike
0-1: Ball
1-1: Ball
2-1: Ball
3-1: Called Strike
3-2: Foul Ball, location: 2F
3-2: Fly out, F7 (Flyball, 7S)
Batting: LHB Vernon Hill 0-0: Foul Ball, location: 2F
0-1: Called Strike
0-2: Ball
1-2: Fly out, F9 (Flyball, 89M)
Batting: LHB Roderick Delgado 0-0: Foul Ball, location: 2F
0-1: Swinging Strike
0-2: Foul Ball, location: 2F
0-2: Ball
1-2: Ball
2-2: Foul Ball, location: 2F
2-2: SOLO HOME RUN (Flyball, 9D), Distance : 387 ft
Batting: RHB Dan Salazar 0-0: Swinging Strike
0-1: Foul Ball, location: 2F
0-2: Strikes out swinging
Bottom of the 13th over - 1 run(s), 1 hit(s), 0 error(s), 0 left on base; San Pablo de las Salinas 5 - Washington DC 5
TOP OF THE 14TH
San Pablo de las Salinas Doctors batting - Pitching for Washington DC Hot Sauce : LHP Brett French
Batting: RHB Arthur Hopkins 0-0: Ball
1-0: Foul Ball, location: 2F
1-1: Ball
2-1: Ball
3-1: Called Strike
3-2: Foul Ball, location: 2F
3-2: Base on Balls
Batting: RHB Sandro Hernández 0-0: Ball
1-0: Fly out, F7 (Flyball, 7)
Batting: RHB Arturo Franco 0-0: Ball
1-0: Called Strike
1-1: Foul Ball, location: 2F
1-2: Ball
2-2: Fly out, F3 (Popup, 3L)
Batting: RHB Jesús Pérez 0-0: Ball
1-0: Ball
2-0: SINGLE (Line Drive, 56)
Arthur Hopkins to second
Batting: RHB Juan Ortega 0-0: Swinging Strike
0-1: Ball
1-1: Called Strike
1-2: Strikes out swinging
Top of the 14th over - 0 run(s), 1 hit(s), 0 error(s), 2 left on base; San Pablo de las Salinas 5 - Washington DC 5
BOTTOM OF THE 14TH
Washington DC Hot Sauce batting - Pitching for San Pablo de las Salinas Doctors : RHP Jonathan Anderson
Pitching: RHP Jorge Chávez
Batting: RHB Juan García 0-0: Ball
1-0: Foul Ball, location: 2F
1-1: Ball
2-1: Called Strike
2-2: Strikes out swinging
Batting: RHB Juan López 0-0: Ground out 4-3 (Groundball, 34)
Batting: RHB Francisco Luna 0-0: Ball
1-0: Foul Ball, location: 2F
1-1: Ground out 6-3 (Groundball, 6)
Bottom of the 14th over - 0 run(s), 0 hit(s), 0 error(s), 0 left on base; San Pablo de las Salinas 5 - Washington DC 5
TOP OF THE 15TH
San Pablo de las Salinas Doctors batting - Pitching for Washington DC Hot Sauce : LHP Brett French
Batting: LHB Stéphane Labat 0-0: Ball
1-0: Ball
2-0: Foul Ball, location: 2F
2-1: Ground out 6-3 (Groundball, 6MS)
Batting: RHB Luis Samaripa 0-0: Called Strike
0-1: Foul Ball, location: 2F
0-2: Ball
1-2: Strikes out swinging
Batting: RHB Ramón Espinoza 0-0: Ball
1-0: Ball
2-0: Foul Ball, location: 2F
2-1: SINGLE (Groundball, 56D)
Batting: LHB Jesús Rojas 0-0: Called Strike
0-1: SINGLE (Groundball, 34S) (infield hit)
Ramón Espinoza to second
Batting: RHB Arthur Hopkins 0-0: Foul Ball, location: 2F
0-1: Swinging Strike
0-2: Strikes out swinging
Top of the 15th over - 0 run(s), 2 hit(s), 0 error(s), 2 left on base; San Pablo de las Salinas 5 - Washington DC 5
BOTTOM OF THE 15TH
Washington DC Hot Sauce batting - Pitching for San Pablo de las Salinas Doctors : RHP Jorge Chávez
Batting: RHB Tim Church 0-0: Ball
1-0: Ball
2-0: Fly out, F8 (Flyball, 89M)
Batting: RHB Jesús Ramírez 0-0: Called Strike
0-1: Ground out 4-3 (Groundball, 4S)
Batting: SHB Tony Varela 0-0: Ball
1-0: Ball
2-0: Foul Ball, location: 2F
2-1: Ground out U3 (Groundball, 3)
Bottom of the 15th over - 0 run(s), 0 hit(s), 0 error(s), 0 left on base; San Pablo de las Salinas 5 - Washington DC 5
TOP OF THE 16TH
San Pablo de las Salinas Doctors batting - Pitching for Washington DC Hot Sauce : LHP Brett French
Batting: RHB Sandro Hernández 0-0: Ball
1-0: Ball
2-0: Ball
3-0: Called Strike
3-1: Swinging Strike
3-2: Fly out, F8 (Flyball, 8RM)
Batting: RHB Arturo Franco 0-0: Ground out 4-3 (Groundball, 4M)
Batting: RHB Jesús Pérez 0-0: Ground out 6-3 (Groundball, 6)
Top of the 16th over - 0 run(s), 0 hit(s), 0 error(s), 0 left on base; San Pablo de las Salinas 5 - Washington DC 5
BOTTOM OF THE 16TH
Washington DC Hot Sauce batting - Pitching for San Pablo de las Salinas Doctors : RHP Jorge Chávez
Batting: LHB Vernon Hill 0-0: DOUBLE (Groundball, 3L)
Batting: LHB Roderick Delgado 0-0: Intentional Walk
Batting: RHB Dan Salazar 0-0: Ball
1-0: Ball
2-0: Fly out, F7 (Flyball, 78M)
Batting: RHB Juan García 0-0: Ball
1-0: SINGLE (Line Drive, 8LM)
Vernon Hill to third
Roderick Delgado to second
Batting: RHB Juan López 0-0: Ball
1-0: Ball
2-0: Called Strike
2-1: Foul Ball, location: 2F
2-2: Foul Ball, location: 2F
2-2: Fly out, F3 (Popup, 3S)
Batting: RHB Francisco Luna 0-0: SINGLE (Groundball, 6D)
Vernon Hill scores
Thursday, March 30th, 2017 - OOTP Baseball 17.12 Build 75